 Dungeon Crawl Stone Soup version 0.30-a0-381-g6ea064c7b4 (webtiles) character file.

Game seed: 14311114084682895109

5530 KennySheep the Skirmisher (level 10, 0/74 HPs)
             Began as a Demigod Hunter on Dec 2, 2022.
             Slain by a centaur warrior (4 damage)
             ... on level 9 of the Dungeon.
             The game lasted 00:24:45 (6963 turns).

KennySheep the Skirmisher (Demigod Hunter)          Turns: 6963, Time: 00:24:45

Health: 0/74       AC: 11    Str: 12    XL:     10   Next: 20%
Magic:  13/13      EV: 13    Int: 11    God:
Gold:   119        SH:  0    Dex: 29    Spells: 9/9 levels left

rFire   . . .      SeeInvis .    a - +1 shortbow
rCold   . . .      Faith    .    (shield currently unavailable)
rNeg    . . .      Spirit   .    w - +4 troll leather armour
rPois   .          Reflect  .    n - +0 helmet
rElec   .          Harm     .    i - +0 cloak
rCorr   .          Rampage  .    (no gloves)
Will    ++...                    (no boots)
Stlth   +++.......               k - amulet of regeneration
HPRegen 1.92/turn                m - ring of willpower
MPRegen 0.13/turn                (no ring)

@: no status effects
A: high MP 1, forlorn, divine attributes
a: no special abilities


You were on level 9 of the Dungeon.
You visited 1 branch of the dungeon, and saw 9 of its levels.
You also visited: Bailey.

You collected 691 gold pieces.
You spent 572 gold pieces at shops.

Inventory:

Hand Weapons
 a - a +1 shortbow (weapon)
 b - a +0 short sword of venom
Armour
 i - a +0 cloak (worn)
 n - a +0 helmet (worn)
 w - a +4 troll leather armour (worn)
 A - the +3 crystal plate armour of Gozag's Esteem {rPois Str+4 Dex+2}
   (You acquired it on level 2 of the Dungeon)

   Str:       It affects your strength (+4).
   Dex:       It affects your dexterity (+2).
   rPois:     It protects you from poison.
Jewellery
 c - a +6 ring of dexterity
 k - an amulet of regeneration (around neck)
 m - a ring of willpower (left hand)
 H - a ring of protection from fire
Wands
 p - a wand of acid (4)
 z - a wand of flame (36)
 E - a wand of charming (9)
Scrolls
 e - 2 scrolls of magic mapping
 f - a scroll of vulnerability
 h - 4 scrolls of amnesia
 j - 2 scrolls of blinking
 l - a scroll of immolation
 r - 8 scrolls of teleportation
 t - a scroll of summoning
 v - a scroll of enchant weapon
 y - 2 scrolls of enchant armour
 B - 2 scrolls of noise
 C - a scroll of butterflies
 F - 2 scrolls of fear
 G - a scroll of identify
Potions
 d - a potion of invisibility {unknown}
 g - a potion of brilliance {unknown}
 o - a potion of resistance {unknown}
 q - 4 potions of might
 s - 3 potions of curing
 u - a potion of haste
 x - a potion of attraction {unknown}
 D - a potion of mutation {unknown}


   Skills:
 - Level 2.5 Fighting
 + Level 13.3 Ranged Weapons
 * Level 5.1 Armour
 - Level 2.4 Dodging
 - Level 2.0 Stealth


You had 9 spell levels left.
You didn't know any spells.
Your spell library contained the following spells:

 Spells                   Type           Power      Damage    Failure   Level
 Sandblast                Erth           0%         2d4       41%         1
 Slow                     Hex            0%         N/A       41%         1
 Cigotuvi's Dreadful Rot  Necr/Pois/Air  0%         N/A       56%         2
 Passwall                 Tmut/Erth      0%         N/A       56%         2
 Poisonous Vapours        Pois/Air       0%         N/A       56%         2
 Confusing Touch          Hex            0%         N/A       80%         3
 Gell's Gravitas          Tloc           0%         N/A       80%         3
 Hailstorm                Conj/Ice       0%         3d3       80%         3
 Lesser Beckoning         Tloc           0%         N/A       80%         3
 Mephitic Cloud           Conj/Pois/Air  0%         N/A       80%         3
 Stone Arrow              Conj/Erth      0%         3d7       80%         3
 Teleport Other           Tloc           0%         N/A       80%         3
 Vampiric Draining        Necr           0%         2d6       80%         3
 Airstrike                Air            0%         2d(0-16)  99%         4
 Ice Form                 Ice/Tmut       0%         N/A       99%         4
 Summon Lightning Spire   Summ/Air       0%         N/A       99%         4
 Lightning Bolt           Conj/Air       0%         1d11      100%        5
 Simulacrum               Ice/Necr       0%         N/A       100%        6


Dungeon Overview and Level Annotations

Branches:
Dungeon (9/15)             Temple (0/1) D:6          Bailey (visited)
   Lair: D:8-11         Orc: D:9-12

Shops:
D:2 ?

Annotations:
D:8 2 transporters, sifdire's ghost, journeyman DjCj


Innate Abilities, Weirdness & Mutations

You have an increased reservoir of magic. (+10% MP)
You shall have no god before yourself.
Your divine heritage dramatically boosts your attributes as you level up.


Message History

a +0 giant club; a +0 giant club A centaur warrior comes into view.
A centaur warrior is nearby!
You shoot an arrow. The arrow hits the centaur warrior.
The centaur warrior is lightly wounded.
The centaur warrior wields a +0 shortbow of flaming.
It bursts into flame!
The centaur warrior shoots an arrow.
The arrow hits you! The arrow burns you.
You shoot an arrow. The arrow hits the centaur warrior!
The centaur warrior is lightly wounded.
The centaur warrior shoots an arrow.
The arrow closely misses you.
The centaur warrior shoots an arrow.
The arrow hits you! The arrow burns you.
You shoot an arrow. The arrow hits the centaur warrior!
The centaur warrior is moderately wounded.
The centaur warrior shoots an arrow.
The arrow hits you! The arrow burns you.
The centaur warrior shoots an arrow.
The arrow hits you! The arrow burns you.
* * * LOW HITPOINT WARNING * * *
Things that are here:
a +0 giant club; a +0 giant club The centaur warrior shoots an arrow.
The arrow hits you!
* * * LOW HITPOINT WARNING * * *
The arrow burns you.
* * * LOW HITPOINT WARNING * * *
The centaur warrior shoots an arrow.
The arrow hits you!
* * * LOW HITPOINT WARNING * * *
The arrow burns you.
* * * LOW HITPOINT WARNING * * *
The centaur warrior unwields a +0 shortbow of flaming.
It stops flaming.
The centaur warrior misses you.
The centaur warrior kicks you but does no damage.
Things that are here:
a +0 giant club; a +0 giant club You feel better.
The centaur warrior hits you.
* * * LOW HITPOINT WARNING * * *
The centaur warrior kicks you.
* * * LOW HITPOINT WARNING * * *
The centaur warrior hits you.
* * * LOW HITPOINT WARNING * * *
The centaur warrior kicks you.
You die...

#.......# #...#
#.......## #...#
###......# #...#
#......# #...+
#......######...#
###...............#
..................#
..................#
.######.########@.#
#.# #.c# #.# #..#
#.# #..# #.# #..#
#.# #... #..# #..#
#..#


You could see a centaur warrior.

Vanquished Creatures
  2 two-headed ogres
  A kobold demonologist (D:8)
  3 spriggans (Bailey)
  3 wyverns
  A wraith (D:9)
  A steam dragon (Bailey)
  Menkaure (D:7)
  A sky beast (D:6)
  3 black bears
  7 ogres
  2 centaurs
  3 phantoms
  2 kobold brigands
  4 bullfrogs
  A gnoll sergeant (D:6)
  A necrophage (D:4)
  6 scorpions
  3 electric eels (D:6)
  A howler monkey (D:6)
  A hound (D:4)
  3 jellies
  Jessica (D:3)
  3 iguanas
  7 gnolls
  7 adders
  2 shadow imps (D:8)
  3 white imps
  2 ufetubi
  2 worms
  2 dart slugs
  9 orcs
  5 bats
  4 endoplasms
  3 giant cockroaches
  11 goblins
  8 hobgoblins
  6 jackals
  2 quokkas
  9 ball pythons
  2 frilled lizards
  18 kobolds
  3 rats
159 creatures vanquished.

Notes
Turn   | Place    | Note
-------+----------+-------------------------------------------
     0 | D:1      | KennySheep the Demigod Hunter began the quest for the Orb.
     0 | D:1      | Reached XP level 1. HP: 17/17 MP: 3/3
    56 | D:1      | Reached skill level 1 in Stealth
   139 | D:1      | Reached XP level 2. HP: 24/24 MP: 4/4
   792 | D:2      | Reached XP level 3. HP: 29/29 MP: 5/5
   839 | D:2      | Reached skill level 4 in Ranged Weapons
   988 | D:2      | Found Ceseat's Magic Scroll Shop.
  1527 | D:3      | Reached XP level 4. HP: 16/37 MP: 6/6
  1640 | D:3      | Noticed Jessica
  1643 | D:3      | Killed Jessica
  2083 | D:4      | Reached skill level 5 in Ranged Weapons
  2083 | D:4      | Reached XP level 5. HP: 42/42 MP: 7/7
  2360 | D:4      | Reached skill level 6 in Ranged Weapons
  2360 | D:4      | Reached XP level 6. HP: 40/50 MP: 8/8
  2926 | D:5      | Entered Level 5 of the Dungeon
  2994 | D:5      | Reached skill level 7 in Ranged Weapons
  3045 | D:5      | Reached XP level 7. HP: 23/56 MP: 9/9
  3271 | D:5      | Reached skill level 8 in Ranged Weapons
  3660 | D:6      | Reached skill level 9 in Ranged Weapons
  3680 | D:6      | Reached XP level 8. HP: 21/62 MP: 10/10
  4125 | D:6      | Reached skill level 10 in Ranged Weapons
  4460 | D:6      | Found a staircase to the Ecumenical Temple.
  4591 | D:7      | Noticed Menkaure
  4620 | D:7      | Killed Menkaure
  4650 | D:7      | Found a flagged portal.
  4672 | Bailey   | Entered a bailey
  4692 | Bailey   | Reached skill level 11 in Ranged Weapons
  4738 | Bailey   | Reached XP level 9. HP: 64/68 MP: 11/11
  4779 | Bailey   | Noticed a two-headed ogre
  4805 | Bailey   | Killed a two-headed ogre
  4806 | Bailey   | Reached skill level 12 in Ranged Weapons
  5224 | D:2      | Bought a scroll of acquirement for 572 gold pieces
  5224 | D:2      | Acquired the +3 crystal plate armour of Gozag's Esteem
                  | {rPois Str+4 Dex+2}
  5661 | D:7      | Reached skill level 1 in Armour
  5813 | D:8      | Reached skill level 13 in Ranged Weapons
  6215 | D:8      | Found a transporter.
  6219 | D:8      | Noticed sifdire's ghost (journeyman DjCj)
  6226 | D:8      | Noticed a moth of wrath
  6233 | D:8      | Found a transporter.
  6762 | D:9      | Reached XP level 10. HP: 74/74 MP: 13/13
  6781 | D:9      | Noticed a tengu warrior
  6781 | D:9      | Noticed a wizard
  6804 | D:9      | Noticed a rust devil
  6810 | D:8      | Noticed a sixfirhy
  6920 | D:9      | Noticed a two-headed ogre
  6931 | D:9      | Killed a two-headed ogre
  6932 | D:9      | Reached skill level 5 in Armour
  6952 | D:9      | Noticed a centaur warrior
  6963 | D:9      | Slain by a centaur warrior

Illustrated notes

Levels and vault maps discovered:
D:1:      lightli_arrival_quake, layout_loops_ring
D:2:      layout_basic, serial_shops, shop_coins
D:3:      layout_basic, mainiacjoe_overflow_surrounded_room,
          nicolae_gozag_seed_capital, amcnicky_altar_gilded,
          ebering_ecumenical_altar_webs, corexii_shack, uniq_jessica
D:4:      layout_loops_corners, old_standard_altar, mainiacjoe_overflow_paths,
          trog_book
D:5:      layout_rooms, overflow_temple_1_default, minmay_misc_feat_alley
D:6:      layout_loops_ring, worldfamousw_hep_ancestral_shrine,
          minmay_temple_entry_junction, kennysheep_cluttered_room
D:7:      layout_rooms, mainiacjoe_overflow_chevrons, enter_bailey_5,
          uniq_menkaure
D:8:      layout_loops_corners, gammafunk_temple_overflow_forgotten,
          gammafunk_ghost_berserking_beasts
D:9:      minmay_shrinking_squares, layout_irregular_city, david_orc_4

Skill      XL: |  1  2  3  4  5  6  7  8  9 10 |
---------------+-------------------------------+-----
Stealth        | 1 2 |  2.0
Fighting       | 2 |  2.5
Dodging        | 2 |  2.4
Ranged Weapons | 4 5 6 7 9 11 13 | 13.3
Armour         | 3 5 |  5.1

Action                   |  1- 3 |  4- 6 |  7- 9 | 10-12 || total
-------------------------+-------+-------+-------+-------++-------
 Fire: Shortbow          |   118 |   151 |   387 |    46 ||   702
  Use: Scroll            |     3 |       |    12 |       ||    15
       Potion            |       |       |     5 |     1 ||     6
Armor: Leather armour    |    15 |    10 |       |       ||    25
       Troll leather arm |       |    13 |    54 |     9 ||    76
Dodge: Dodged            |    30 |    50 |   125 |    17 ||   222

Table legend: (Time is in decaauts)
 A = Elapsed time spent in this place.
 B = Non-inter-level travel time spent in this place.
 C = Inter-level travel time spent in this place.
 D = Time resting spent in this place.
 E = Time spent auto-exploring this place.
 F = Levels seen in this place.
 G = Mean time per level.
                   A        B        C        D        E       F      G
               +--------+--------+--------+--------+--------+-----+--------+
         Total |   7065 |   6549 |    516 |    566 |   4508 |  10 |  706.5 |
       Dungeon |   6768 |   6252 |    516 |    523 |   4411 |   9 |  752.0 |
        Bailey |    297 |    297 |      0 |     43 |     96 |   1 |  297.0 |
               +--------+--------+--------+--------+--------+-----+--------+

Top non-repeatable levels by time:
     D:6: 1425 daAuts
     D:4: 997 daAuts
     D:8: 893 daAuts
     D:2: 813 daAuts
     D:1: 779 daAuts
     D:3: 597 daAuts
     D:5: 569 daAuts
     D:7: 420 daAuts
  Bailey: 297 daAuts
     D:9: 271 daAuts
